 Dungeon Crawl Stone Soup version 0.19-a0-1513-gf6d23ed (webtiles) character file.

204 Amnesiac the Shield-Bearer (level 6, -6/41 HPs)
             Began as a Halfling Fighter on Sept 12, 2016.
             Killed by divine providence
             ... invoked by an orc priest
              (17 damage)
             ... on level 4 of the Dungeon.
             The game lasted 00:03:01 (1500 turns).

Amnesiac the Shield-Bearer (Halfling Fighter)       Turns: 1500, Time: 00:03:03

Health: -6/41      AC:  7    Str: 17    XL:     6   Next: 9%
Magic:  6/6        EV:  9    Int:  6    God:
Gold:   40         SH: 10    Dex: 16    Spells: 0 memorised, 5 levels left

rFire  . . .     SeeInvis .     a - +0 long sword
rCold  . . .     Gourm    .     b - +1 scale mail
rNeg   . . .     Faith    .     c - +0 shield
rPois  .         Spirit   .     (no helmet)
rElec  .         Dismiss  .     (no cloak)
rCorr  .         Reflect  .     (no gloves)
MR     .....     Harm     .     (no boots)
Stlth  ..........               (no amulet)
                                (no ring)
                                (no ring)

@: no status effects
A: mutation resistance 1
a: no special abilities


You were on level 4 of the Dungeon.
You were not hungry.

You visited 1 branch of the dungeon, and saw 5 of its levels.

You collected 40 gold pieces.

Inventory:

Hand Weapons
 a - a +0 long sword (weapon)
 h - a +0 antimagic short sword
Missiles
 e - 14 poisoned needles
 j - 4 curare-tipped needles
Armour
 b - a +1 scale mail (worn)
 c - a +0 shield (worn)
 g - a +0 ring mail
Scrolls
 k - a scroll of remove curse
 m - a scroll of enchant armour
Potions
 d - a potion of might
 l - a potion of haste {unknown}
 o - 2 potions of brilliance {unknown}
Books
 p - a Grand Grimoire

   Spells                             Type                      Level
   a - Monstrous Menagerie            Summoning                    7
   b - Summon Greater Demon           Summoning                    7
   c - Malign Gateway                 Summoning/Translocation      7
   d - Summon Horrible Things         Summoning                    8
Comestibles
 f - 2 bread rations
 n - 2 chunks of flesh


   Skills:
 - Level 2.6 Fighting
 * Level 4.0 Long Blades
 - Level 3.2 Armour
 - Level 5.6 Shields


You had 5 spell levels left.
You didn't know any spells.

Dungeon Overview and Level Annotations

Branches:
Dungeon (5/15)
 Temple: D:4-7

Altars:

Annotations:
D:4 Tux's ghost, amateur DsGl


Innate Abilities, Weirdness & Mutations

You are small and have problems with some larger weapons.
You are somewhat resistant to further mutation.


Message History

The orc priest is heavily wounded.
You block the orc priest's attack.
You hit the orc priest.
The orc priest is heavily wounded.
You block the orc priest's attack.
You closely miss the orc priest.
The orc priest is heavily wounded.
The orc priest hits you with a flail.
Your shield and scale mail prevent you from hitting the orc priest.
The orc priest is heavily wounded.
The orc priest invokes the aid of Beogh against you.
You barely resist.
Your scale mail prevents you from hitting the orc priest.
The orc priest is heavily wounded.
The orc priest invokes the aid of Beogh against you.
Beogh smites you!
* * * LOW HITPOINT WARNING * * *
The orc priest invokes the aid of Beogh against you.
Beogh smites you!
You die...

#.# ##..# #.#
########
########.># #.#
#......##
........#.# #.#
#........
.######.#.# #.#
#....... #.#.#
#. +.......
#.#.# #......#
#.#.# +<....)#
#.#.# #....o@#
#.#.# +......#
#.#
#......###+#####
######.....(...#
#.........#
#.........#
#.........#
#.........#
#####'#####


You could see an orc priest.

Vanquished Creatures
  A hound (D:4)
  An iguana (D:5)
  Terence (D:2)
  An orc wizard (D:2)
  A worker ant (D:4)
  A hound skeleton (D:4)
  2 adders
  An ooze (D:2)
  An adder skeleton (D:4)
  A worm (D:2)
  A giant gecko (D:2)
  9 orcs
  2 goblins
  A hobgoblin (D:2)
  2 bats
  A giant newt (D:4)
  3 kobolds
  3 rats
33 creatures vanquished.

Notes
Turn   | Place    | Note
-------+----------+-------------------------------------------
     0 | D:1      | Amnesiac the Halfling Fighter began the quest for the Orb.
     0 | D:1      | Reached XP level 1. HP: 15/15 MP: 1/1
   167 | D:2      | Reached XP level 2. HP: 18/20 MP: 2/2
   174 | D:2      | Reached skill level 4 in Shields
   247 | D:2      | Noticed Terence
   256 | D:2      | Killed Terence
   256 | D:2      | Reached XP level 3. HP: 24/25 MP: 3/3
   554 | D:2      | Reached skill level 5 in Shields
   556 | D:2      | Reached XP level 4. HP: 30/30 MP: 4/4
   788 | D:4      | Noticed Tux's ghost (amateur DsGl)
   840 | D:5      | Entered Level 5 of the Dungeon
   846 | D:5      | Reached XP level 5. HP: 20/35 MP: 5/5
  1447 | D:4      | Reached XP level 6. HP: 37/41 MP: 6/6
  1500 | D:4      | Killed from afar by an orc priest

Vault maps used:
D:1:      dpeg_arrival_court, serial_bayou_pond_a, kennysheep_minor_cross
D:2:      uniq_terence
D:4:      first_bread
D:5:      old_standard_altar, uniq_grinder, uniq_sigmund

Skill      XL: |  1  2  3  4  5 |
---------------+----------------+-----
Shields        | 4 5 |  5.6
Long Blades    | 3 4 |  4.0
Fighting       | |  2.6
Armour         | |  3.2

Action                   |  1- 3 |  4- 6 || total
-------------------------+-------+-------++-------
Melee: Long sword        |    54 |    93 ||   147
  Use: Scroll            |       |     3 ||     3
       Potion            |       |     1 ||     1
  Eat: Chunk             |       |     2 ||     2
Armor: Scale mail        |    20 |    25 ||    45
Dodge: Dodged            |    17 |    26 ||    43
Block: Shield            |    47 |    53 ||   100
